Description

ZvP 3-base Roach max with 2/2

Replay - Abyssal Reef LE (3)

Build Order

Get SALT Encoding   

  12  0:01  Drone  
  13  0:08  Drone  
  14  0:19  Overlord  
  14  0:22  Extractor  
  14  0:23  Drone  
  15  0:37  Drone x2  
  17  0:44  Drone  
  18  1:01  Drone  
  19  1:06  Hatchery  
  18  1:16  Spawning Pool  
  18  1:17  Drone x2  
  19  1:26  Overlord  
  19  1:40  Drone  
  22  2:03  Queen  
  24  2:10  Zergling x2  
  24  2:12  Hatchery  
  24  2:18  Zergling x2  
  24  2:20  Queen  
  28  2:32  Zergling x4  
  32  2:44  Queen  
  35  2:51  Extractor  
  35  3:02  Overlord  
  35  3:07  Overlord  
  35  3:19  Queen  
  36  3:31  Zergling x8  
  42  3:08  Roach Warren  
  47  3:45  Overlord  
  49  4:01  Metabolic Boost  
  62  4:43  Extractor x3  
  63  4:46  Roach  
  64  4:53  Evolution Chamber x2  
  67  5:07  Zergling x4  
  68  5:38  Zerg Ground Armor Level 1, Zerg Missile Weapons Level 1  
  79  5:43  Lair  
  80  5:50  Extractor x2  
  74  6:24  Hatchery  
  73  6:26  Ravager  
  73  6:32  Roach x4  
  82  6:38  Hatchery  
  83  6:40  Roach x3  
  87  6:57  Overseer  
  92  7:01  Roach x2  
  92  7:02  Spore Crawler  
  92  7:04  Glial Reconstitution  
  140  8:10  Ravager x8  
  160  8:25  Extractor x2  
  159  8:28  Ravager  
Spawning Tool Build Advisor. Get it on Overwolf

Go to:

Details

  • Created by: ProjectSix
  • Published on: Feb 13, 2017
  • Modified on: Feb 13, 2017
  • Patch: 3.8.0
Show
View Real Time Build Order
Export as new Build Order

Comments (0)

There are no comments. Be the first!

Create an account to comment!